 Dungeon Crawl Stone Soup version 0.30-b1-2-g02819fbbbe (webtiles) character file.

Game seed: 10628139332739101792

248320 Borgoz the Tortoise (level 19, -2/128 HPs)
             Began as a Gargoyle Berserker on June 17, 2023.
             Was the Champion of Trog.
             Slain by a +1 scimitar of flaming (13 damage)
             ... on level 2 of the Elven Halls on June 18, 2023.
             The game lasted 01:15:57 (31437 turns).

Borgoz the Tortoise (Gargoyle Berserker)           Turns: 31437, Time: 01:15:57

Health: -2/128     AC: 40    Str: 31    XL:     19   Next: 56%
Magic:  19/19      EV: 21    Int: 15    God:    Trog [******]
Gold:   1373       SH: 13    Dex: 21    Spells: 18/18 levels left

rFire   + . .        a - +10 demon whip of the Viny God {vamp, Will+}
rCold   . . .        c - +0 kite shield {AC+3}
rNeg    + . .        s - +6 scale mail of the Jolly Nightingales {rF+ Will+ rCorr Str+3}
rPois   ∞            I - +2 hat {SInv}
rElec   +            (no cloak)
rCorr   +            q - +2 pair of gloves
SInv    +            (no boots)
Will    +++++        A - amulet of regeneration
Stlth   ++           L - ring "Xaossi Atza" {Will++ Str+6 Int+6}
HPRegen 1.21/turn    O - +6 ring of dexterity
MPRegen 0.16/turn

%: no passive effects
@: about to teleport, on berserk cooldown, flying, slowed, invisible, very slow
A: sickness immunity, AC +14, big wings, negative energy resistance 1,
electricity resistance, torment resistance 1, petrification resistance
}: 2/15 runes: barnacled, gossamer
a: Renounce Religion, Berserk, Trog's Hand, Brothers in Arms


You were on level 2 of the Elven Halls.
You worshipped Trog.
Trog was exalted by your worship.
You visited 7 branches of the dungeon, and saw 33 of its levels.
You also visited: Sewer and Bailey.

You collected 4580 gold pieces.
You spent 3207 gold pieces at shops.

Inventory:

Hand Weapons
 a - the +10 demon whip of the Viny God (weapon) {vamp, Will+}
   (You acquired it on level 9 of the Dungeon)

   Will:      It increases your willpower.
Missiles
 d - 59 poisoned darts (quivered)
 t - 12 throwing nets
Armour
 b - a +0 helmet of intelligence
 c - a +0 kite shield of protection (worn)
 q - a +2 pair of gloves (worn)
 s - the +6 scale mail of the Jolly Nightingales (worn) {rF+ Will+ rCorr Str+3}
   (You found it on level 2 of the Dungeon)

   Str:       It affects your strength (+3).
   rF:        It protects you from fire.
   rCorr:     It protects you from acid and corrosion.
   Will:      It increases your willpower.
 w - +0 ice dragon scales
 I - a +2 hat of see invisible (worn)
Jewellery
 A - an amulet of regeneration (around neck)
 L - the ring "Xaossi Atza" (left hand) {Will++ Str+6 Int+6}
   (You bought it in a shop on level 15 of the Dungeon)

   [ring of strength]

   Str:       It affects your strength (+6).
   Int:       It affects your intelligence (+6).
   Will:      It greatly increases your willpower.
 O - a +6 ring of dexterity (right hand)
Wands
 v - a wand of light (35)
 z - a wand of mindburst (32)
 B - a wand of polymorph (13)
 D - a wand of flame (53)
 H - a wand of digging (4)
 N - a wand of paralysis (15)
 Q - a wand of roots (8)
Scrolls
 f - a scroll of butterflies
 h - 29 scrolls of teleportation
 m - 5 scrolls of fog
 u - 6 scrolls of blinking
 C - 8 scrolls of magic mapping
 J - 5 scrolls of fear
 M - a scroll of acquirement
Potions
 e - 19 potions of curing
 g - 8 potions of resistance
 i - 3 potions of attraction
 k - 5 potions of invisibility
 l - 8 potions of mutation
 o - 6 potions of might
 p - 4 potions of haste
 x - 3 potions of berserk rage
 F - 7 potions of ambrosia
 K - 2 potions of cancellation
 V - 3 potions of heal wounds


   Skills:
 + Level 17.5 Fighting
 * Level 18.3 Maces & Flails
 - Level 5.0 Throwing
 * Level 18.9 Armour
 * Level 14.9 Dodging
 - Level 5.0 Stealth
 - Level 10.0 Shields
 - Level 5.0 Evocations


You had 18 spell levels left.
You didn't know any spells.
Your spell library was empty.

Dungeon Overview and Level Annotations

Branches:
Dungeon (15/15)            Temple (1/1) D:6            Lair (5/5) D:9
 Shoals (4/4) Lair:2       Spider (4/4) Lair:3        Slime (0/5) Lair:5
    Orc (2/2) D:10            Elf (2/3) Orc:2        Vaults (0/5) D:13
 Depths (0/4) D:15          Sewer (visited)          Bailey (visited)

Altars:
Ashenzari
Cheibriados
Dithmenos
Elyvilon
Fedhas
Gozag
Hepliaklqana
Kikubaaqudgha
Makhleb
Nemelex Xobeh
Okawaru
Qazlal
Ru
Sif Muna
Trog
Uskayaw
Vehumet
Wu Jian
Xom
Yredelemnul
Zin
The Shining One
Ignis

Shops:
D:8 *   D:15 [(=:?   Orc:2 [!(*   Elf:2 ?   Shoals:1 *   Shoals:4 (

Portals:
Bazaar: Elf:2
Trove: D:10 (give 2 scrolls of acquirement)


Innate Abilities, Weirdness & Mutations

You are immune to sickness and miasma.
Your stone body is resilient. (AC +14)
You are immune to poison.
Your large and strong wings let you fly.
You resist negative energy. (rN+)
You are resistant to electric shocks. (rElec)
You are resistant to unholy torment.
You are immune to petrification.


Message History

The deep elf zephyrmancer points at you and mumbles some strange words.
The bolt of lightning misses you. The bolt of lightning hits you. You resist.
* * * LOW HITPOINT WARNING * * *
The bolt of lightning hits the +3 flail of draining.
The +3 flail of draining completely resists.
The +0 halberd of protection hits you but does no damage.
The +3 flail of draining hits you!
* * * LOW HITPOINT WARNING * * *
Okay, then.
Okay, then.
You feel much better. The +1 scimitar of flaming hits you!
* * * LOW HITPOINT WARNING * * *
The +1 scimitar of flaming burns you.
* * * LOW HITPOINT WARNING * * *
You block the +3 flail of draining's attack.
The +0 halberd of protection closely misses you.
You block the +1 scimitar of flaming's attack.
The deep elf zephyrmancer closely misses you.
The +3 flail of draining hits you!
* * * LOW HITPOINT WARNING * * *
You block the +0 halberd of protection's attack.
The +1 scimitar of flaming completely misses you.
The deep elf zephyrmancer points at you and mumbles some strange words.
The bolt of lightning hits the +3 flail of draining.
The +3 flail of draining completely resists.
The bolt of lightning hits you! You resist.
* * * LOW HITPOINT WARNING * * *
The bolt of lightning hits you. You resist.
* * * LOW HITPOINT WARNING * * *
The bolt of lightning hits the +1 scimitar of flaming.
The +1 scimitar of flaming completely resists.
The bolt of lightning hits the deep elf pyromancer!
The deep elf zephyrmancer mumbles some strange words.
The deep elf zephyrmancer blinks!
You fade into invisibility!
You block the +3 flail of draining's attack.
A +2 war axe of freezing comes into view.
The +0 halberd of protection hits you but does no damage.
The +1 scimitar of flaming hits you!
You die...

# #......EE°.⌠.#
#........ #
##.....e°(...#
##........
##..........###).)......
##.........##..))......
##..⌠..e..##).)°......
##......e'.)...e.....
#######○'........... #
###(E........... #
#@)e............ #
#.((e............ #
....e..e..(....... #
.....(.............
....................
...............
...............
...............


You could see 2 deep elf pyromancers, 2 deep elf zephyrmancers, a fire elemental
(summoned, unable to see you) and 5 dancing weapons.

Vanquished Creatures
  Nikola (Spider:3)
  Jorgrun (Shoals:1)
  Asterion (Spider:4)
  A deep elf blademaster (Elf:2)
  Frances (D:14)
  Agnes (D:15)
  Kirke (Shoals:1)
  4 ghost moths
  3 emperor scorpions
  Louise (Shoals:1)
  An orc warlord (Orc:1)
  A broodmother (Spider:1)
  Nessos (D:14)
  A deep elf annihilator (Elf:1)
  The ghost of gon the Fighter, a journeyman MiBe of Trog (D:12)
  2 spark wasps
  Snorg (D:12)
  7 merfolk impalers
  5 merfolk javelineers (Shoals:4)
  Josephine (Shoals:1)
  3 entropy weavers
  A deep elf high priest (Elf:1)
  3 vault guards (D:13)
  6 hydras
  An alligator snapping turtle (Shoals:2)
  7 merfolk avatars
  A death knight (D:11)
  An ogre mage (D:11)
  2 jorogumos
  6 death yaks
  6 centaur warriors
  3 satyrs
  6 two-headed ogres
  3 boulder beetles
  3 merfolk aquamancers
  14 dancing weapons
  Sonja (D:13)
  4 tengu warriors
  4 orc high priests (Orc:2)
  6 deep elf knights
  5 skysharks
  2 pharaoh ants
  13 sea snakes
  3 sun moths
  5 bog bodies (Shoals:1)
  13 orb spiders
  8 deep elf archers
  A wizard (D:13)
  A kraken simulacrum (Shoals:4)
  7 orc knights
  An orange crystal statue (Elf:1)
  5 steelbarb worms
  15 deep elf pyromancers
  18 harpies
  3 necromancers (D:13)
  27 deep elf zephyrmancers
  13 manticores
  9 fauns
  19 wolf spiders
  5 cyclopes
  9 orc sorcerers
  3 moths of wrath
  3 black mambas
  3 ugly things
  An elephant (shapeshifter) (D:15)
  14 elephants
  5 torpor snails
  An eye of devastation (Lair:5)
  8 merfolk sirens
  5 cane toads
  6 demonic crawlers
  Maggie (D:6)
  6 water nymphs
  2 gargoyles
  5 rime drakes
  A freezing wraith (D:15)
  3 kobold demonologists
  A komodo dragon (shapeshifter) (Elf:1)
  A yaktaur (D:11)
  4 unseen horrors
  A tengu conjurer (D:15)
  2 guardian mummies (D:10)
  A yaktaur (shapeshifter) (D:11)
  7 komodo dragons
  41 merfolk
  A meliai (D:13)
  9 trolls
  7 polar bears
  6 hornets
  A hornet (shapeshifter) (D:11)
  A blink frog (shapeshifter) (D:13)
  6 wind drakes
  18 tarantellas
  21 blink frogs
  30 jumping spiders
  2 dream sheep (Shoals:3)
  6 snapping turtles
  10 water elementals
  A shadow (D:9)
  10 slime creatures
  2 air elementals (Elf:2)
  4 wyverns
  3 vampires
  23 culicivoras
  3 centaur simulacra
  7 wraiths
  5 hogs (Shoals:1)
  A steam dragon (shapeshifter) (Elf:1)
  50 yaks
  4 basilisks
  47 redbacks
  A fire elemental (Elf:1)
  21 humans
  6 steam dragons
  12 vampire mosquitoes
  6 wargs
  20 water moccasins
  A floating eye (Lair:5)
  An ice beast (D:6)
  28 orc warriors
  A sky beast (D:6)
  A black bear (D:5)
  7 ogres
  10 centaurs
  9 wolves
  6 kobold brigands
  A phantom (D:6)
  An earth elemental (Elf:1)
  8 bullfrogs
  2 gnoll sergeants (D:6)
  A necrophage (D:14)
  A scorpion (D:6)
  5 wights (D:10)
  25 killer bees
  8 electric eels
  11 howler monkeys
  A crimson imp (D:4)
  2 jellies
  14 orc priests
  A sleepcap (D:6)
  A hound (D:6)
  3 gnoll boudas (D:6)
  8 iguanas
  22 orc wizards
  17 adders
  21 gnolls
  7 river rats
  3 shadow imps (D:7)
  A white imp (D:6)
  2 ufetubi (D:5)
  4 worms
  A dart slug (D:4)
  66 orcs
  9 bats
  8 endoplasms
  6 giant cockroaches
  13 goblins
  9 hobgoblins
  8 jackals
  22 kobolds
  3 quokkas
  19 ball pythons
  5 frilled lizards
  9 rats
  A tentacle (Shoals:4)
1181 creatures vanquished.

Vanquished Creatures (collateral kills)
  2 dancing weapons (Elf:1)
  A deep elf pyromancer (Elf:1)
  A deep elf zephyrmancer (Elf:1)
  A komodo dragon (Lair:5)
  A wind drake (Lair:5)
  An air elemental (Elf:1)
  A water elemental (Elf:1)
  2 yaks (D:12)
10 creatures vanquished.

Vanquished Creatures (others)
  2 deep elf archers
  2 deep elf zephyrmancers
  A manticore (D:14)
  A fire elemental (Elf:1)
  An orc priest (Orc:2)
  2 hobgoblins (Bailey)
  24 fungi
  114 plants
  3 tentacles (Shoals:4)
150 creatures vanquished.

Grand Total: 1341 creatures vanquished

Notes
Turn   | Place    | Note
-------+----------+-------------------------------------------
     0 | D:1      | Borgoz the Gargoyle Berserker began the quest for the Orb.
     0 | D:1      | Reached XP level 1. HP: 14/14 MP: 1/1
   100 | D:1      | Reached XP level 2. HP: 19/19 MP: 2/2
   742 | D:1      | Reached XP level 3. HP: 23/23 MP: 3/3
  1085 | D:2      | Identified the +6 scale mail of the Jolly Nightingales {rF+
                  | Will+ rCorr Str+3}
  1270 | D:2      | Reached ** piety under Trog
  1589 | D:3      | Reached XP level 4. HP: 26/29 MP: 4/4
  1756 | D:3      | Found a bloodstained altar of Trog.
  1756 | D:3      | Found an ornate altar of the Wu Jian Council.
  2001 | D:3      | Reached XP level 5. HP: 33/33 MP: 5/5
  2388 | D:3      | Found a bloodstained altar of Trog.
  2388 | D:3      | Found an ornate altar of the Wu Jian Council.
  2930 | D:4      | You fall into a shaft and drop 2 floors!
  2932 | D:6      | Noticed a steam dragon
  2950 | D:6      | Killed a steam dragon
  2951 | D:6      | Reached XP level 6. HP: 31/39 MP: 6/6
  2952 | D:6      | Reached skill level 5 in Maces & Flails
  2953 | D:6      | Noticed a sky beast
  2992 | D:6      | Killed a sky beast
  3210 | D:6      | Reached XP level 7. HP: 38/44 MP: 7/7
  3349 | D:6      | Identified a scroll of acquirement
  3349 | D:6      | Acquired a manual of Fighting
  3361 | D:6      | Reached skill level 5 in Fighting
  3469 | D:6      | Found a white marble altar of Elyvilon.
  3663 | D:6      | Reached *** piety under Trog
  3706 | D:6      | Noticed Maggie
  3729 | D:6      | Killed Maggie
  3730 | D:6      | Reached skill level 5 in Armour
  3730 | D:6      | Reached XP level 8. HP: 17/52 MP: 8/8
  3878 | D:6      | Found a staircase to the Ecumenical Temple.
  3897 | Temple   | Entered the Ecumenical Temple
  3984 | D:5      | Entered Level 5 of the Dungeon
  4062 | D:5      | Noticed a wraith
  4086 | D:5      | Killed a wraith
  4601 | D:5      | Found a glowing drain.
  4617 | Sewer    | Entered a sewer
  5432 | D:5      | Reached XP level 9. HP: 57/57 MP: 9/9
  5785 | D:4      | Found a burning altar of Makhleb.
  5785 | D:4      | Found a radiant altar of Vehumet.
  5815 | D:4      | Reached **** piety under Trog
  7411 | D:7      | Reached skill level 5 in Dodging
  7550 | D:7      | Reached skill level 1 in Stealth
  7573 | D:7      | Reached skill level 1 in Shields
  7732 | D:8      | Reached skill level 1 in Throwing
  7736 | D:8      | Reached skill level 1 in Evocations
  7744 | D:8      | Reached XP level 10. HP: 65/65 MP: 10/10
  8155 | D:8      | Found Gaoti's General Store.
  8458 | D:9      | Acquired the +10 demon whip of the Viny God {vamp, Will+}
  8500 | D:9      | Found a staircase to the Lair.
  8653 | D:9      | Reached ***** piety under Trog
  8679 | D:9      | Found a sparkling altar of Nemelex Xobeh.
  8686 | D:9      | Found a broken altar of Ashenzari.
  8686 | D:9      | Found an opulent altar of Gozag.
  8686 | D:9      | Found a hide-covered altar of Uskayaw.
  8687 | D:9      | Found a blossoming altar of Fedhas.
  8833 | D:9      | Received a gift from Trog
  9117 | D:10     | Entered Level 10 of the Dungeon
  9127 | D:10     | Noticed a two-headed ogre
  9135 | D:10     | Killed a two-headed ogre
  9136 | D:10     | Reached XP level 11. HP: 72/72 MP: 11/11
  9140 | D:10     | Identified the +2 pair of boots of Articulation {+Blink rF+
                  | Slay-4}
  9177 | D:10     | Reached skill level 10 in Fighting
  9218 | D:10     | Found a flagged portal.
  9239 | Bailey   | Entered a bailey
  9307 | Bailey   | Noticed an orc knight
  9324 | Bailey   | Killed an orc knight
  9362 | Bailey   | Found an iron altar of Okawaru.
  9381 | Bailey   | Reached skill level 10 in Maces & Flails
  9397 | Bailey   | Noticed an orc knight
  9403 | Bailey   | Noticed an orc sorcerer
  9409 | Bailey   | Killed an orc knight
  9416 | Bailey   | Killed an orc sorcerer
  9574 | Bailey   | Acquired 946 gold pieces
  9901 | D:10     | Found a portal to a secret trove of treasure.
 10028 | D:10     | Noticed a two-headed ogre
 10038 | D:10     | Killed a two-headed ogre
 10039 | D:10     | Found a staircase to the Orcish Mines.
 10412 | Lair:1   | Entered Level 1 of the Lair of Beasts
 10425 | Lair:1   | Identified the +0 robe of Pragmatism {rF+ rC+ Int-4}
 10519 | Lair:1   | You fall into a shaft and drop 1 floor!
 10524 | Lair:2   | Reached XP level 12. HP: 79/79 MP: 12/12
 10529 | Lair:2   | Reached skill level 5 in Stealth
 11125 | Lair:2   | Reached skill level 5 in Shields
 11334 | Lair:2   | Reached skill level 10 in Armour
 11716 | Lair:2   | Found a staircase to the Shoals.
 12097 | Lair:3   | Found a hole to the Spider Nest.
 12161 | Lair:3   | Noticed a skyshark
 12173 | Lair:3   | Killed a skyshark
 12174 | Lair:3   | Reached skill level 5 in Evocations
 12174 | Lair:3   | Reached XP level 13. HP: 86/86 MP: 13/13
 12704 | Lair:4   | Received a gift from Trog
 13240 | Lair:4   | Found the +8 whip "Snakebite" {venom, curare, rPois}
 13889 | Lair:5   | Entered Level 5 of the Lair of Beasts
 14125 | Lair:5   | Gained mutation: Your large and strong wings let you fly.
                  | [Gargoyle growth]
 14125 | Lair:5   | Reached XP level 14. HP: 91/94 MP: 14/14
 14163 | Lair:5   | Identified the +11 short sword of Freehold {flame, rN+}
 14166 | Lair:5   | Identified the ring of Foolhardiness {rElec rPois Str+3
                  | Dex+3}
 14185 | Lair:5   | Reached skill level 10 in Dodging
 14432 | Lair:5   | Received a gift from Trog
 14468 | Lair:5   | Found a staircase to the Slime Pits.
 14478 | Lair:5   | Paralysed by a floating eye for 3 turns
 15169 | D:8      | Bought a potion of invisibility for 112 gold pieces
 16065 | D:12     | Noticed gon's ghost (journeyman MiBe)
 16068 | D:12     | Found a runed translucent door.
 16083 | D:12     | Noticed Snorg
 16122 | D:12     | Identified the +3 flail "Gyan" {flame, Fly SInv} (Trog
                  | gifted it to you on level 12 of the Dungeon)
 16122 | D:12     | Received a gift from Trog
 16139 | D:12     | Killed Snorg
 16221 | D:12     | Killed gon's ghost
 16483 | D:12     | Reached XP level 15. HP: 101/101 MP: 15/15
 16655 | D:13     | Noticed Sonja
 16701 | D:13     | Killed Sonja
 16815 | D:13     | Reached skill level 15 in Fighting
 17068 | D:13     | Received a gift from Trog
 17145 | D:13     | Found a gate to the Vaults.
 17606 | D:14     | Noticed Nessos
 17637 | D:14     | Killed Nessos
 17876 | D:14     | Noticed Frances
 17896 | D:14     | Killed Frances
 17968 | D:14     | Found a hide-covered altar of Uskayaw.
 18152 | D:15     | Entered Level 15 of the Dungeon
 18152 | D:15     | Found Pemyomox's Armour Emporium.
 18153 | D:15     | Found a sacrificial altar of Ru.
 18200 | D:15     | Found Kowaj's Jewellery Shoppe.
 18220 | D:15     | Bought the ring "Xaossi Atza" {Will++ Str+6 Int+6} for 974
                  | gold pieces
 18586 | D:15     | Found Ywnarai's Magic Scroll Shop.
 18629 | D:15     | Found Pyffaeh's Antique Weapon Shoppe.
 18671 | D:15     | Found Jaskygum's Book Emporium.
 18698 | D:15     | Noticed Agnes
 18708 | D:15     | Killed Agnes
 18810 | D:15     | Found a staircase to the Depths.
 19239 | Orc:1    | Entered Level 1 of the Orcish Mines
 19283 | Orc:1    | Received a gift from Trog
 19325 | Orc:1    | Noticed an orc warlord
 19351 | Orc:1    | Killed an orc warlord
 19405 | Orc:1    | Reached XP level 16. HP: 108/108 MP: 16/16
 19627 | Orc:2    | Entered Level 2 of the Orcish Mines
 19669 | Orc:2    | Reached skill level 15 in Maces & Flails
 19680 | Orc:2    | Reached skill level 15 in Armour
 19683 | Orc:2    | Reached skill level 5 in Throwing
 19811 | Orc:2    | Found a staircase to the Elven Halls.
 19837 | Orc:2    | Received a gift from Trog
 20657 | Orc:2    | Found Buto's Distillery.
 20657 | Orc:2    | Found Abalomy's Antique Armour Shop.
 20676 | Orc:2    | Found Jair Vaume's General Store.
 20676 | Orc:2    | Found Caj Pao's Antique Weapon Shop.
 20856 | Shoals:1 | Entered Level 1 of the Shoals
 21099 | D:15     | Bought a scroll of identify for 30 gold pieces
 21099 | D:15     | Bought a scroll of identify for 30 gold pieces
 21099 | D:15     | Bought 3 scrolls of teleportation for 135 gold pieces
 21099 | D:15     | Bought a scroll of magic mapping for 112 gold pieces
 21099 | D:15     | Bought a scroll of fear for 60 gold pieces
 21099 | D:15     | Bought a scroll of teleportation for 45 gold pieces
 21099 | D:15     | Bought a scroll of teleportation for 45 gold pieces
 21440 | Orc:2    | Bought a scroll of teleportation for 45 gold pieces
 21440 | Orc:2    | Bought a potion of heal wounds for 75 gold pieces
 21440 | Orc:2    | Bought a potion of curing for 45 gold pieces
 21440 | Orc:2    | Bought a scroll of blinking for 112 gold pieces
 21444 | Orc:2    | Bought a potion of resistance for 170 gold pieces
 21444 | Orc:2    | Bought a potion of curing for 51 gold pieces
 21444 | Orc:2    | Bought a potion of heal wounds for 85 gold pieces
 21444 | Orc:2    | Bought a potion of curing for 51 gold pieces
 21444 | Orc:2    | Bought a potion of mutation for 136 gold pieces
 21612 | D:15     | Bought an amulet of guardian spirit for 420 gold pieces
 21821 | Shoals:1 | Noticed Louise
 21843 | Shoals:1 | Found Vunoud's General Store.
 21846 | Shoals:1 | Killed Louise
 21867 | Shoals:1 | Bought a potion of resistance for 130 gold pieces
 21867 | Shoals:1 | Bought a scroll of identify for 26 gold pieces
 22043 | Shoals:1 | Noticed Jorgrun
 22064 | Shoals:1 | Killed Jorgrun
 22427 | Shoals:1 | Noticed Kirke
 22450 | Shoals:1 | Killed Kirke
 22462 | Shoals:1 | Noticed Josephine
 22478 | Shoals:1 | Killed Josephine
 22509 | Shoals:1 | Reached ****** piety under Trog
 22866 | Shoals:2 | Received a gift from Trog
 22962 | Shoals:2 | Identified the +9 falchion "Killer Bee's Bane" {heavy,
                  | Fragile rF- Will+++ Dex+7}
 23287 | Shoals:2 | Reached XP level 17. HP: 94/115 MP: 17/17
 24635 | Shoals:4 | Entered Level 4 of the Shoals
 24635 | Shoals:4 | Found Itehimal's Antique Weapon Shoppe.
 24640 | Shoals:4 | Bought an ebony morningstar for 270 gold pieces
 24640 | Shoals:4 | Identified the +1 morningstar of the Gloaming {venom, rElec
                  | rF+++ Int-3 Dex+3} (You bought it in a shop on level 4 of
                  | the Shoals)
 25008 | Shoals:4 | Received a gift from Trog
 25112 | Shoals:4 | Identified the +1 mace of Pojonuny {heavy, rPois Str+5
                  | Int-3}
 25221 | Shoals:4 | Got a barnacled rune of Zot
 25872 | Spider:1 | Entered Level 1 of the Spider Nest
 26082 | Spider:1 | Identified the +1 mace "Kebuanyq" {flame, *Noise rPois rN+
                  | Str+2} (Trog gifted it to you on level 1 of the Spider
                  | Nest)
 26082 | Spider:1 | Received a gift from Trog
 26242 | Spider:1 | Reached XP level 18. HP: 122/122 MP: 18/18
 27474 | Spider:3 | Noticed Nikola
 27521 | Spider:2 | Received a gift from Trog
 27556 | Spider:3 | Killed Nikola
 28181 | Spider:4 | Entered Level 4 of the Spider Nest
 28199 | Spider:4 | Noticed Asterion
 28215 | Spider:4 | Killed Asterion
 28216 | Spider:4 | Reached skill level 10 in Shields
 29025 | Spider:4 | Received a gift from Trog
 29101 | Spider:4 | Got a gossamer rune of Zot
 29779 | Elf:1    | Entered Level 1 of the Elven Halls
 29968 | Elf:1    | Reached XP level 19. HP: 128/128 MP: 19/19
 30001 | Elf:1    | Received a gift from Trog
 30066 | Elf:1    | Paralysed by an air elemental for 1 turns
 30071 | Elf:1    | Paralysed by an air elemental for 1 turns
 30998 | Elf:2    | Found a runed translucent gate.
 31005 | Elf:2    | Found a runed translucent gate.
 31005 | Elf:2    | Found a runed translucent gate.
 31057 | Elf:2    | Found Quinwaz's Magic Scroll Shop.
 31064 | Elf:2    | Bought a scroll of teleportation for 48 gold pieces
 31125 | Elf:2    | Found a gateway to a bazaar.
 31248 | Elf:2    | Received a gift from Trog
 31251 | Elf:2    | Paralysed by an air elemental for 1 turns
 31437 | Elf:2    | Slain by a +1 scimitar of flaming

Illustrated notes

Levels and vault maps discovered:
D:1:      minmay_arrival_doors, layout_basic
D:2:      layout_loops_ring
D:3:      layout_basic, gammafunk_temple_overflow_elements, minmay_snake_closets
D:4:      layout_cave_pods, grunt_temple_overflow_lords_of_destruction,
          patterned_corridor
D:5:      layout_rooms, portal_sewer_entry_b, nicolae_hexahallways
D:6:      kennysheep_housing_project, layout_loops_cross,
          mainiacjoe_overflow_chevrons, minmay_temple_entry_waves, uniq_maggie
D:7:      layout_loops_ring
D:8:      layout_rooms, serial_shops, nicolae_shop_behind_doors
D:9:      layout_basic, minitemple, dpeg_oklobed_lair, st_stairs_9
D:10:     layout_loops_ring, orc_0_dummy, enter_bailey_2,
          nicolae_trove_entry_path_of_doom, minmay_misc_feat_plants,
          nicolae_concentric_dashed_squares_mild
D:11:     minmay_cut_squares, layout_irregular_city
D:12:     minmay_blocky_corners, layout_rooms, hellmonk_ghost_happy_afterlife,
          uniq_snorg
D:13:     layout_cave_pools, grunt_vaults_entry_tiered, eino_jars, uniq_sonja
D:14:     layout_rooms, nicolae_uskayaw_en_pointe, hangedman_stone_soup,
          uniq_frances, uniq_nessos
D:15:     hangedman_depths_entry_try_elsewhere_first, layout_loops_ring,
          nicolae_ru_sacrificial_ziggurat, serial_shops,
          nicolae_book_shop_shelving, nicolae_shop_gaudy_bauble, shop_fountains,
          nicolae_shop_rolled_up, shop, uniq_agnes
Temple:   pdpol_scorched_temple
Lair:1:   layout_loops_ring
Lair:2:   layout_cave_pods, nicolae_shoals_entry_roost
Lair:3:   layout_gridlike, spider_nest_entry_a, lemuel_fruit_fields
Lair:4:   minmay_guarded_unrand_snakebite, layout_long_grid
Lair:5:   gammafunk_lair_ancient_temple, layout_cave_pods,
          minmay_slime_entry_eyes
Shoals:1: layout_shoals, serial_shops, shop_fountains,
          nicolae_shoals_secluded_bog, uniq_jorgrun, uniq_josephine, uniq_kirke,
          uniq_louise
Shoals:2: cheibrodos_shoals_satyrical_garden, layout_shoals
Shoals:3: layout_shoals, nicolae_shoals_wave_tunnel
Shoals:4: shoals_end_grunt_ice, layout_shoals, serial_shops,
          nicolae_shop_scrapyard
Spider:1: layout_spider_delve
Spider:2: layout_spider_delve, hangedman_spider_tarantella_strand
Spider:3: layout_cave_pods, uniq_nikola
Spider:4: spider_rune_water, uniq_asterion
Orc:1:    layout_diamond_mine, basic_altar, mines2_david
Orc:2:    grunt_orc_tribal_feast, layout_caves
Elf:1:    minmay_elf_arrival_summoners, layout_loops_ring,
          infiniplex_enter_wizlab_spiral, kennysheep_underground_church,
          minivault_15
Elf:2:    nicolae_elf_blades_crystal_corner, layout_geoelf_diagonals,
          serial_shops, bzr_entry_customers, nicolae_shop_pleasant_corner_grove

Skill      XL: |  1  2  3  4  5  6  7  8  9 10 11 12 13 14 15 16 17 18 19 |
---------------+----------------------------------------------------------+-----
Dodging        | 2 3 4 5 6 7 8 9 10 11 12 13 14 | 14.9
Maces & Flails | 4 5 6 7 8 9 10 11 12 14 15 16 17 18 | 18.3
Armour         | 3 4 5 7 8 9 10 12 13 14 16 17 18 | 18.9
Fighting       | 4 6 7 8 9 10 12 13 14 15 16 17 | 17.5
Stealth        | 1 3 4 5 |  5.0
Shields        | 1 3 4 5 6 8 9 10 | 10.0
Throwing       | 1 2 3 4 5 |  5.0
Evocations     | 1 2 3 5 |  5.0

Action                     |  1- 3 |  4- 6 |  7- 9 | 10-12 | 13-15 | 16-18 | 19-21 || total
---------------------------+-------+-------+-------+-------+-------+-------+-------++-------
  Melee: Mace              |    97 |   163 |    83 |       |       |       |       ||   343
         Punch             |     2 |     1 |     8 |       |       |       |       ||    11
         Morningstar       |       |       |   487 |   139 |       |       |       ||   626
         Demon whip        |       |       |       |   562 |  1364 |  2078 |   294 ||  4298
  Throw: Dart              |       |     1 |       |       |     6 |       |       ||     7
         Throwing net      |       |     1 |       |       |       |       |       ||     1
 Invoke: Berserk           |     3 |     1 |    12 |     3 |    12 |     8 |     4 ||    43
         Trog's Hand       |       |     2 |     3 |       |     3 |     3 |     1 ||    12
         Brothers in Arms  |       |       |       |       |     4 |       |     1 ||     5
    Use: Scroll            |     4 |     3 |    13 |     9 |     7 |     6 |     2 ||    44
         Potion            |       |       |     2 |       |     1 |     1 |     4 ||     8
   Stab: Sleeping          |     2 |     3 |       |     1 |     2 |     5 |       ||    13
         Distracted        |       |       |       |       |     1 |     1 |       ||     2
         Invisible         |       |       |       |       |     6 |       |       ||     6
 Armour: Animal skin       |    46 |    39 |       |       |       |       |       ||    85
         Scale mail        |       |    85 |   396 |   375 |   460 |   704 |   111 ||  2131
  Dodge: Dodged            |    74 |   118 |   360 |   373 |   695 |  1152 |   166 ||  2938
  Block: Buckler           |       |       |     8 |   141 |   116 |       |       ||   265
         Kite shield       |       |       |       |       |   386 |  1124 |   160 ||  1670
